 Dungeon Sprint DCSS version 0.17-a0-1311-gbcbd859 (webtiles) character file.

278 nuthulu the Nimble (level 8, -4/133 HPs)
             Began as a Troll Berserker on June 8, 2015.
             Was a High Priest of Trog.
             Slain by the 27-headed Lernaean hydra (8 damage)
             ... in the Dungeon (Sprint VI: "Thunderdome").
             The game lasted 00:04:09 (691 turns).

nuthulu the Nimble (Troll Berserker)                 Turns: 691, Time: 00:04:09

Health: -4/133     AC:  5    Str: 39      XL:     8   Next: 31%
Magic:  7/7        EV: 11    Int: 12 (14) God:    Trog [*****.]
Gold:   266        SH:  0    Dex:  4      Spells: 0 memorised, 7 levels left

rFire  + + .     SeeInvis +       - Unarmed
rCold  . . .     Clarity  .     m - +0 robe of Card Tricks {rF+ MR+ Int+4}
rNeg   + + +     SustAt   +     (no shield)
rPois  .         Gourm    +     (helmet restricted)
rElec  +         Spirit   .     (no cloak)
rCorr  .         Warding  +     (gloves unavailable)
rMut   .         NoTele   +     (boots unavailable)
MR     +....                    n - amulet "Masecwuj" {Ward rElec rF+ rN+ Int+3}
Stlth  ..........               o - ring of the Amoeba {Wiz *Confuse rN+ Str+4 SInv}
                                p - ring of Hedonism {SustAt rN+ Str+2 Int+4 Dex-5}

@: berserking, very quick, somewhat resistant to hostile enchantments, extremely
unstealthy
A: unfitting armour, claws 3, fast metabolism 3, gourmand, regeneration 2,
shaggy fur 1, tough skin 2
a: Burn Spellbooks, Berserk, Trog's Hand, Brothers in Arms, Renounce Religion


You were in the Dungeon.
You worshipped Trog.
Trog was extremely pleased with you.
You were not hungry.

You visited 1 branch You collected 600 gold pieces.
You spent 334 gold pieces at shops.

Inventory:

Armour
 a - a +0 animal skin
 m - the +0 robe of Card Tricks (worn) {rF+ MR+ Int+4}
   (You bought it in a shop in the Dungeon)

   It affects your intelligence (+4).
   It protects you from fire.
   It affects your resistance to hostile enchantments.
Jewellery
 n - the amulet "Masecwuj" (around neck) {Ward rElec rF+ rN+ Int+3}
   (You bought it in a shop in the Dungeon)

   [amulet of warding]

   It may prevent the melee attacks of summoned creatures.
   It affects your intelligence (+3).
   It protects you from fire.
   It insulates you from electricity.
   It protects you from negative energy.
 o - the ring of the Amoeba (right claw) {Wiz *Confuse rN+ Str+4 SInv}
   (You bought it in a shop in the Dungeon)

   [ring of wizardry]

   It improves your spell success rate.
   It affects your strength (+4).
   It protects you from negative energy.
   It lets you see invisible.
   It may confuse you when you take damage.
 p - the ring of Hedonism (left claw) {SustAt rN+ Str+2 Int+4 Dex-5}
   (You bought it in a shop in the Dungeon)

   [ring of sustain attributes]

   It sustains your strength, intelligence and dexterity.
   It affects your strength (+2).
   It affects your intelligence (+4).
   It affects your dexterity (-5).
   It protects you from negative energy.
Magical devices
 j - a wand of cold (5)
 k - a wand of fire (5)
Scrolls
 h - 4 scrolls of blinking
 l - 3 scrolls of fog
Potions
 c - a potion of curing
 d - 4 potions of heal wounds
 e - 4 potions of haste
 f - 2 potions of magic
 g - a potion of berserk rage
 i - a potion of resistance
Comestibles
 b - a bread ration


   Skills:
 + Level 8.5 Fighting
 * Level 10.6 Dodging
 + Level 0.1 Stealth
 + Level 10.4 Unarmed Combat


You had 7 spell levels left.
You didn't know any spells.

Dungeon Overview and Level Annotations

Branches:
Dungeon (1/1)

Altars:
Cheibriados
Dithmenos
Fedhas
Gozag
Kikubaaqudgha
Makhleb
Okawaru
Qazlal
Ru
Sif Muna
Trog
Vehumet
Xom
Yredelemnul
Zin
The Shining One
Jiyva
Lugonu

Shops:
D *[%??*?*:[((!!!!

Annotations:
D Lernaean hydra


Innate Abilities, Weirdness & Mutations

You are too large for most types of armour.
You have claws for hands.
Your metabolism is lightning-fast.
You like to eat raw meat.
You heal very quickly.
You are covered in fur (AC +1).
You have very tough skin (AC +2).


Message History

The 27-headed Lernaean hydra bites you! The 27-headed Lernaean hydra bites you.
The 27-headed Lernaean hydra bites you! x2
The 27-headed Lernaean hydra bites you!!
The 27-headed Lernaean hydra bites you!
The 27-headed Lernaean hydra closely misses you.
The 27-headed Lernaean hydra bites you! x2
* * * LOW HITPOINT WARNING * * *
The 27-headed Lernaean hydra completely misses you.
The 27-headed Lernaean hydra bites you!
* * * LOW HITPOINT WARNING * * *
The 27-headed Lernaean hydra bites you!
* * * LOW HITPOINT WARNING * * *
The 27-headed Lernaean hydra misses you.
The 27-headed Lernaean hydra bites you!
* * * LOW HITPOINT WARNING * * *
The 27-headed Lernaean hydra bites you.
* * * LOW HITPOINT WARNING * * *
The 27-headed Lernaean hydra completely misses you.
The 27-headed Lernaean hydra bites you!
You die...

#∩___......###......___∩##
∩........8.# #.8........∩###
...........###.............##
........###...###..........⌠#
........# #.<.# #..........⌠#
........###...###..........⌠#
.).........###...[.........##
∩........8.# #.8........∩###
#∩___......###..@....__∩##
######.8.......OD8.######
#⌠....†......⌠#
###........†### #_...)..._#
#_...†....# #........_#
#∩.......∩# ##∩.....∩##


You could see the 27-headed Lernaean hydra and a friendly ogre (berserk).

Vanquished Creatures
  Sigmund (D)
  3 water moccasins (D)
  12 brain worms (D)
  An adder (D)
  A kobold (D)
  3 ball pythons (D)
  A goblin (D)
  A quokka skeleton (D)
23 creatures vanquished.

Notes
Turn   | Place    | Note
--------------------------------------------------------------
     0 | D        | nuthulu the Troll Berserker began the quest for the Orb.
     0 | D        | Reached XP level 1. HP: 22/22 MP: 0/0
     0 | D        | Found a snail-covered altar of Cheibriados.
     0 | D        | Found a sacrificial altar of Ru.
     4 | D        | Found a burning altar of Makhleb.
     4 | D        | Found a glowing silver altar of Zin.
     5 | D        | Found a glowing golden altar of the Shining One.
     5 | D        | Found a viscous altar of Jiyva.
     5 | D        | Round 1.
     6 | D        | Found Sagetal's Identification Station.
     6 | D        | Found a bloodstained altar of Trog.
     6 | D        | Found an opulent altar of Gozag.
     6 | D        | Found Timosk's Bee Food.
     7 | D        | Found Xeilos's Advanced Armour.
     7 | D        | Found Dimawnaf's Jewellery.
    15 | D        | Bought a twisted robe for 199 gold pieces
    25 | D        | Identified the +0 robe of Card Tricks {rF+ MR+ Int+4} (You bought it in a shop in the Dungeon)
    37 | D        | Acquired Trog's second power
    37 | D        | Reached XP level 2. HP: 17/31 MP: 1/1
    93 | D        | Found a deep blue altar of Sif Muna.
    94 | D        | Found Monar's Magic Scroll Shop.
    95 | D        | Found Wibbysung's Magic Scroll Shop.
    95 | D        | Found Usaymugg's Must-Have Magic.
   101 | D        | Found a shimmering altar of Xom.
   101 | D        | Found a corrupted altar of Lugonu.
   101 | D        | Found Kittiez's Staff Store.
   110 | D        | Found an ancient bone altar of Kikubaaqudgha.
   111 | D        | Found a blossoming altar of Fedhas.
   112 | D        | Found a shadowy altar of Dithmenos.
   113 | D        | Found Weguta's Distillery.
   113 | D        | Found a radiant altar of Vehumet.
   113 | D        | Found a basalt altar of Yredelemnul.
   113 | D        | Found Festumeuk's Do-It-Yourself Clinic.
   114 | D        | Found Poch's Distillery.
   114 | D        | Found Riwk's Bottled Wisdom.
   117 | D        | Found a stormy altar of Qazlal.
   119 | D        | Noticed Sigmund
   132 | D        | Killed Sigmund
   132 | D        | Arena points: 12 (+12) [x2]
   132 | D        | Reached skill level 5 in Fighting
   132 | D        | Reached skill level 5 in Dodging
   132 | D        | Reached skill level 6 in Unarmed Combat
   132 | D        | Reached XP level 3. HP: 22/44 MP: 2/2
   132 | D        | Reached XP level 4. HP: 26/52 MP: 3/3
   132 | D        | Reached XP level 5. HP: 29/59 MP: 4/4
   153 | D        | Found an iron altar of Okawaru.
   154 | D        | Round 2.
   159 | D        | Found Otiys's Weapon Rack.
   159 | D        | Found Enyxkon's Premium Goods.
   175 | D        | Noticed a water moccasin
   180 | D        | Killed a water moccasin
   180 | D        | Reached skill level 7 in Dodging
   180 | D        | Reached XP level 6. HP: 55/68 MP: 5/5
   214 | D        | Noticed a water moccasin
   223 | D        | Killed a water moccasin
   223 | D        | Reached skill level 8 in Dodging
   235 | D        | Noticed a water moccasin
   237 | D        | Killed a water moccasin
   237 | D        | Acquired Trog's third power
   254 | D        | Arena points: 54 (+42) [x3]
   314 | D        | Round 3.
   329 | D        | Reached XP level 7. HP: 74/78 MP: 6/6
   334 | D        | Reached skill level 9 in Dodging
   405 | D        | Arena points: 138 (+84) [x4]
   432 | D        | Bought a warped golden amulet for 45 gold pieces
   432 | D        | Bought an ancient jade ring for 45 gold pieces
   432 | D        | Bought a wavering silver ring for 45 gold pieces
   432 | D        | Identified the amulet "Masecwuj" {Ward rElec rF+ rN+ Int+3} (You bought it in a shop in the Dungeon)
   433 | D        | Identified the ring of Hedonism {SustAt rN+ Str+2 Int+4 Dex-5} (You bought it in a shop in the Dungeon)
   434 | D        | Identified the ring of the Amoeba {Wiz *Confuse rN+ Str+4 SInv} (You bought it in a shop in the Dungeon)
   459 | D        | Found Lumiuhuxi's Basic Armour.
   459 | D        | Found Iqiebeit's Miscellaneous Merchandise.
   472 | D        | Round 4.
   477 | D        | Reached skill level 10 in Dodging
   571 | D        | Received a gift from Trog
   571 | D        | Reached skill level 10 in Unarmed Combat
   571 | D        | Reached XP level 8. HP: 88/88 MP: 7/7
   606 | D        | Arena points: 278 (+140) [x5]
   674 | D        | Round 5.
   685 | D        | Noticed the 27-headed Lernaean hydra
   691 | D        | HP: 5/133 [the 27-headed Lernaean hydra (15)]
   691 | D        | Slain by the 27-headed Lernaean hydra

Vault maps used:
D:        arena_sprint

Action                   |  1- 3 |  4- 6 |  7- 9 || total
-------------------------+-------+-------+-------++-------
Melee: Unarmed           |    19 |    19 |    26 ||    64
Invok: Berserk           |       |       |     1 ||     1
       Brothers in Arms  |       |       |     1 ||     1
  Eat: Bread ration      |       |       |     1 ||     1
